[Event "73rd POL-ch (w)"]
[Site "Bydgoszcz POL"]
[Date "2021.04.29"]
[Round "1"]
[White "Socko, Monika"]
[Black "Zawadzka, Jolanta"]
[Result "0-1"]
[ECO "C68"]
[WhiteElo "2421"]
[BlackElo "2399"]
[PlyCount "134"]
[EventDate "2021.04.28"]
[TimeControl "5400+30"]
[WhiteClock "0:03:02"]
[BlackClock "0:02:36"]

1. e4 e5 2. Nf3 Nc6 3. Bb5 a6 4. Bxc6 dxc6 5. O-O Qf6 6. d4 exd4 7. Bg5 Qd6 8. Qxd4 Qxd4 9. Nxd4 Bd7 10. Nc3 h6 11. Bh4 Ne7 12. Rad1 O-O-O 13. Rfe1 g5 14. Bg3 Bg7 15. f3 c5 16. Nde2 b6 17. a4 Be6 18. f4 Bg4 19. Kf1 Rxd1 20. Rxd1 f5 21. Rd2 fxe4 22. Nxe4 Rf8 23. Nf2 Bxe2+ 24. Rxe2 gxf4 25. Bxf4 Rxf4 26. Rxe7 Bd4 27. Re2 Bxb2 28. Re4 Rf7 29. Ke2 Bd4 30. Nd3 Kb7 31. g4 Rf6 32. h4 Kc6 33. c4 Kd6 34. g5 hxg5 35. hxg5 Rg6 36. Rg4 Re6+ 37. Kd1 Rg6 38. Nf4 Rg8 39. g6 Be5 40. Nd3 Bd4 41. Nf4 Ke5 42. Nd5 Rg7 43. Ke2 Kf5 44. Rf4+ Kxg6 45. Rg4+ Kf5 46. Rxg7 Bxg7 47. Nxc7 Ke4 48. Kd2 Bf6 49. Nd5 Bd8 50. Kc3 b5 51. axb5 axb5 52. Kb3 Ba5 53. Ne7 Kd3 54. cxb5 c4+ 55. Ka4 c3 56. b6 c2 57. Kxa5 c1=Q 58. b7 Qc7+ 59. Ka6 Kc4 60. Nf5 Kb4 61. Ka7 Qa5+ 62. Kb8 Qxf5 63. Ka8 Qa5+ 64. Kb8 Kb5 65. Kc8 Qc3+ 66. Kd8 Qf6+ 67. Kc7 Qc6+ 0-1

[Event "73rd POL-ch (w)"]
[Site "Bydgoszcz POL"]
[Date "2021.04.29"]
[Round "1"]
[White "Kulon, Klaudia"]
[Black "Sliwicka, Alicja"]
[Result "1-0"]
[ECO "D00"]
[WhiteElo "2347"]
[BlackElo "2346"]
[PlyCount "119"]
[EventDate "2021.04.28"]
[TimeControl "5400+30"]
[WhiteClock "0:18:44"]
[BlackClock "0:07:38"]

1. d4 d5 2. Bg5 g6 3. Nc3 Bg7 4. Qd2 c5 5. dxc5 d4 6. Nb5 Nf6 7. Bxf6 Bxf6 8. O-O-O e5 9. Nd6+ Kf8 10. e3 Be6 11. Nf3 Nc6 12. Bb5 Bd5 13. h4 Qc7 14. e4 Be6 15. Ng5 Nd8 16. Ne8 Bxg5 17. Nxc7 Bxd2+ 18. Kxd2 Rc8 19. Nxe6+ Nxe6 20. b4 Ke7 21. Bc4 b6 22. Rh3 bxc5 23. b5 Rc7 24. Ra3 Nf8 25. Ra6 Nd7 26. Rb1 Rb8 27. Kd3 Nb6 28. a4 Nc8 29. f4 exf4 30. Rf1 Nd6 31. Rxf4 Rb6 32. Rxb6 axb6 33. a5 bxa5 34. e5 Nxc4 35. Kxc4 Kd8 36. b6 Re7 37. Kxc5 Kc8 38. e6 Rxe6 39. Rxf7 a4 40. Rxh7 Re2 41. Kb5 Kb8 42. Ka6 Re8 43. Rb7+ Ka8 44. Rd7 a3 45. Rxd4 Kb8 46. c4 a2 47. Rd1 Rc8 48. Kb5 Re8 49. c5 Re5 50. Kc6 Re6+ 51. Kd7 Re2 52. c6 Rc2 53. g4 Rc5 54. h5 gxh5 55. gxh5 a1=Q 56. Rxa1 Rd5+ 57. Ke6 Rxh5 58. c7+ Kb7 59. Ra8 Rh6+ 60. Kf5 1-0

[Event "73rd POL-ch (w)"]
[Site "Bydgoszcz POL"]
[Date "2021.04.29"]
[Round "1"]
[White "Rudzinska, Michalina"]
[Black "Cyfka, Karina"]
[Result "0-1"]
[ECO "C78"]
[WhiteElo "2251"]
[BlackElo "2415"]
[PlyCount "64"]
[EventDate "2021.04.28"]
[TimeControl "5400+30"]
[WhiteClock "0:00:53"]
[BlackClock "0:01:14"]

1. e4 e5 2. Nf3 Nc6 3. Bb5 a6 4. Ba4 Nf6 5. O-O b5 6. Bb3 Bb7 7. Re1 Bc5 8. c3 d6 9. d4 Bb6 10. Be3 O-O 11. Nbd2 exd4 12. cxd4 Nb4 13. Qb1 c5 14. a3 Nc6 15. dxc5 dxc5 16. e5 Nd5 17. Bg5 Qd7 18. Qe4 c4 19. Bc2 f5 20. exf6 Nxf6 21. Qh4 h6 22. Bxf6 Rxf6 23. Ne4 Rxf3 24. gxf3 Nd4 25. Bd1 Rf8 26. Qg4 Qxg4+ 27. fxg4 Nf3+ 28. Bxf3 Rxf3 29. Nd6 Bxf2+ 30. Kg2 Bc6 31. Re8+ Rf8+ 32. Re4 Bc5 0-1

[Event "73rd POL-ch (w)"]
[Site "Bydgoszcz POL"]
[Date "2021.04.29"]
[Round "1"]
[White "Rajlich, Iweta"]
[Black "Antolak, Julia"]
[Result "0-1"]
[ECO "A30"]
[WhiteElo "2394"]
[BlackElo "2306"]
[PlyCount "78"]
[EventDate "2021.04.28"]
[TimeControl "5400+30"]
[WhiteClock "0:04:25"]
[BlackClock "0:15:04"]

1. Nf3 Nf6 2. c4 e6 3. e3 c5 4. b3 Be7 5. Bb2 Nc6 6. a3 O-O 7. Qc2 b6 8. Rg1 d5 9. g4 d4 10. g5 Ne8 11. exd4 cxd4 12. Bd3 f5 13. gxf6 Nxf6 14. Be4 Bb7 15. Bxc6 d3 16. Qc3 Bxc6 17. Nd4 Bc5 18. Nxc6 Qd6 19. Nd4 Qxh2 20. Rxg7+ Kxg7 21. Qxd3 Kg8 22. Qg3+ Qxg3 23. fxg3 Bxd4 24. Bxd4 Ne4 25. Nc3 Nxc3 26. dxc3 Rf3 27. g4 Rg3 28. b4 Rxg4 29. Ke2 e5 30. Kf3 Rf4+ 31. Kg3 Rf5 32. Be3 Kf7 33. c5 bxc5 34. bxc5 Rg8+ 35. Kh4 Rf3 36. Re1 Ke6 37. c6 Kf5 38. c7 Rg4+ 39. Kh5 Rh3# 0-1

[Event "73rd POL-ch (w)"]
[Site "Bydgoszcz POL"]
[Date "2021.04.29"]
[Round "1"]
[White "Majdan, Joanna"]
[Black "Dworakowska, Joanna"]
[Result "1-0"]
[ECO "B93"]
[WhiteElo "2325"]
[BlackElo "2322"]
[PlyCount "105"]
[EventDate "2021.04.28"]
[TimeControl "5400+30"]
[WhiteClock "0:19:27"]
[BlackClock "0:23:52"]

1. e4 c5 2. Nf3 d6 3. d4 cxd4 4. Nxd4 Nf6 5. Nc3 a6 6. f4 e5 7. Nf3 Nc6 8. fxe5 Nxe5 9. Nxe5 dxe5 10. Qxd8+ Kxd8 11. Bg5 Be7 12. Bxf6 Bxf6 13. Nd5 Be6 14. Nxf6 gxf6 15. O-O-O+ Ke7 16. Bd3 Rag8 17. Rd2 h5 18. b3 Rg4 19. Rf1 Rhg8 20. Rff2 Rh4 21. h3 Rg3 22. Kb2 Bd7 23. Bc4 Bc6 24. Bd5 Rxe4 25. Bxe4 Bxe4 26. Ka3 f5 27. Kb4 f4 28. c4 b6 29. c5 bxc5+ 30. Kxc5 Rg6 31. Kb4 f5 32. Ka5 Bb7 33. a4 Rd6 34. Rc2 Kf6 35. Rc7 Be4 36. h4 Bd3 37. Kb4 Re6 38. Kc3 Rd6 39. Rc5 e4 40. Rxf4 e3 41. Rd4 Rxd4 42. Kxd4 e2 43. Rc1 Bc2 44. Kc3 Bd1 45. Kd2 Bxb3 46. Rc6+ Ke5 47. Rxa6 Kf4 48. a5 Kg3 49. Rf6 Bc2 50. Kxe2 Kxg2 51. a6 Kg3 52. a7 Be4 53. Rxf5 1-0

[Event "73rd POL-ch (w)"]
[Site "Bydgoszcz POL"]
[Date "2021.04.30"]
[Round "2"]
[White "Cyfka, Karina"]
[Black "Zawadzka, Jolanta"]
[Result "0-1"]
[ECO "E21"]
[WhiteElo "2415"]
[BlackElo "2399"]
[PlyCount "120"]
[EventDate "2021.04.28"]
[TimeControl "5400+30"]
[WhiteClock "0:15:44"]
[BlackClock "0:13:40"]

1. d4 Nf6 2. c4 e6 3. Nc3 Bb4 4. a3 Bxc3+ 5. bxc3 Nc6 6. Nf3 d6 7. Qc2 e5 8. d5 Na5 9. Qa4+ c6 10. dxc6 Nxc6 11. c5 O-O 12. Bg5 dxc5 13. Rd1 Qe7 14. e4 h6 15. Bh4 Bg4 16. Be2 Rfd8 17. O-O Rxd1 18. Rxd1 Rd8 19. Rb1 g5 20. Bg3 Rd6 21. h3 Bh5 22. Bb5 Bxf3 23. gxf3 a6 24. Bxc6 Rxc6 25. c4 Rd6 26. Qa5 Nh5 27. Kg2 Rd7 28. Qb6 f6 29. h4 Ng7 30. hxg5 hxg5 31. Qa7 Ne6 32. Qb8+ Nd8 33. Qc8 Kg7 34. Rb6 Nf7 35. Rb1 Nd8 36. Rb6 Rc7 37. Qh3 Qd7 38. Qh5 Nf7 39. Rb1 Rc8 40. Rb6 Rh8 41. Qg4 Rd8 42. Qh5 Qc7 43. Rb1 Qc6 44. Qg4 b5 45. Qf5 Nh6 46. Qh3 bxc4 47. Rc1 Qd7 48. Qh5 Qe6 49. Rb1 Nf7 50. Rb7 Rd7 51. Rb1 c3 52. Rc1 Qc4 53. Rh1 c2 54. Qh7+ Kf8 55. Qf5 Ke7 56. Bxe5 fxe5 57. Rh6 Nxh6 58. Qxg5+ Kd6 59. Qf6+ Kc7 60. Qxe5+ Kb7 0-1

[Event "73rd POL-ch (w)"]
[Site "Bydgoszcz POL"]
[Date "2021.04.30"]
[Round "2"]
[White "Rudzinska, Michalina"]
[Black "Kulon, Klaudia"]
[Result "1/2-1/2"]
[ECO "B33"]
[WhiteElo "2251"]
[BlackElo "2347"]
[PlyCount "136"]
[EventDate "2021.04.28"]
[TimeControl "5400+30"]
[WhiteClock "0:04:11"]
[BlackClock "0:19:17"]

1. e4 c5 2. Nf3 Nc6 3. d4 cxd4 4. Nxd4 Nf6 5. Nc3 e5 6. Ndb5 d6 7. a4 a6 8. Na3 Bg4 9. f3 Be6 10. Bc4 Nb4 11. Bg5 Qc7 12. Bb3 h6 13. Bxf6 gxf6 14. O-O h5 15. Kh1 Bh6 16. Nd5 Bxd5 17. Bxd5 Nxd5 18. Qxd5 Qc6 19. Rfd1 Ke7 20. Qb3 Rac8 21. Rd3 Bg5 22. Rad1 Rhd8 23. Rc3 Qd7 24. Rxc8 Qxc8 25. Nc4 h4 26. Nb6 Qc6 27. Rd3 d5 28. Nxd5+ Kf8 29. Rc3 Qd7 30. Qb6 f5 31. Qc5+ Kg7 32. Qc7 Qxa4 33. Qxe5+ f6 34. Qe7+ Kh6 35. Qa3 Qxa3 36. Rxa3 fxe4 37. fxe4 f5 38. Kg1 fxe4 39. c4 Rc8 40. Rc3 Bd2 41. Rb3 Rxc4 42. Rxb7 Rc5 43. Rd7 Rc1+ 44. Kf2 Rc2 45. Ne3 Rxb2 46. Nc4 e3+ 47. Nxe3 Bc1+ 48. Kf3 Rb3 49. Re7 a5 50. Kf2 a4 51. Nc4 Rc3 52. Re4 Bg5 53. Nd6 Rc2+ 54. Kf3 a3 55. Nf7+ Kg6 56. Nxg5 a2 57. Ra4 Kxg5 58. Ra5+ Kf6 59. Kg4 Rxg2+ 60. Kxh4 Rxh2+ 61. Kg3 Rc2 62. Kf3 Ke6 63. Ke3 Rh2 64. Kd3 Rh3+ 65. Kc2 Rh2+ 66. Kb3 Kd6 67. Rxa2 Rxa2 68. Kxa2 Ke5 1/2-1/2

[Event "73rd POL-ch (w)"]
[Site "Bydgoszcz POL"]
[Date "2021.04.30"]
[Round "2"]
[White "Dworakowska, Joanna"]
[Black "Rajlich, Iweta"]
[Result "0-1"]
[ECO "C02"]
[WhiteElo "2322"]
[BlackElo "2394"]
[PlyCount "216"]
[EventDate "2021.04.28"]
[TimeControl "5400+30"]
[WhiteClock "0:01:00"]
[BlackClock "0:02:28"]

1. e4 e6 2. d4 d5 3. e5 c5 4. c3 Qb6 5. Nf3 Nc6 6. Na3 cxd4 7. cxd4 Bb4+ 8. Bd2 a6 9. Nc2 Bxd2+ 10. Qxd2 Nge7 11. b4 f5 12. h4 Bd7 13. Bd3 h6 14. h5 Nd8 15. a4 Nf7 16. Ke2 Rc8 17. Rhg1 Rg8 18. b5 axb5 19. Rgb1 g5 20. hxg6 Rxg6 21. g3 Rg4 22. axb5 Re4+ 23. Kd1 Qd8 24. Ra7 Qb6 25. Qa5 Qxa5 26. Rxa5 Rg4 27. Ne3 Rg8 28. Ra7 Rb8 29. Ke2 Nc8 30. Ra3 Nb6 31. Rh1 Ke7 32. Nh4 Ra8 33. Rha1 Rxa3 34. Rxa3 Kd8 35. Nhg2 Ng5 36. Nf4 Ne4 37. Rb3 Ke7 38. Nh5 Ra8 39. f3 Ra2+ 40. Nc2 Be8 41. Nf4 Nxg3+ 42. Kf2 Nh5 43. Ne2 Ra8 44. Rb1 Rc8 45. Ne3 Na4 46. Rb3 Nb6 47. Rb1 Ra8 48. Rc1 Kd8 49. Ng2 Ra2 50. Ke3 Ra3 51. Nc3 Na4 52. Nb1 Rb3 53. Nd2 Rc3 54. Rxc3 Nxc3 55. b6 f4+ 56. Kf2 Nd1+ 57. Ke1 Nb2 58. Bf1 Ba4 59. Nh4 Bc2 60. Bh3 Kd7 61. Kf2 Nd3+ 62. Kg1 Nc1 63. Kf2 Ng3 64. Nf1 Nd3+ 65. Kg2 Ne2 66. Nh2 h5 67. Ng6 Nxd4 68. Kf1 Nc5 69. Nxf4 h4 70. Nxd5 Bf5 71. Bxf5 Nxf5 72. Nb4 Na4 73. Kg2 Nxb6 74. Ng4 Nd5 75. Nd3 b5 76. Nc5+ Ke7 77. Nf2 Nf4+ 78. Kh2 Nd4 79. Nfe4 Nxf3+ 80. Kh1 Nxe5 81. Na6 Ned3 82. Nc7 b4 83. Nb5 b3 84. Nbc3 b2 85. Nd2 Kd6 86. Nf3 h3 87. Kh2 e5 88. Nd2 Kc5 89. Kg3 Kd4 90. Nb5+ Ke3 91. Nc4+ Ke4 92. Nd2+ Kf5 93. Nd6+ Ke6 94. N6e4 Nc1 95. Nc5+ Kf5 96. Na4 Ncd3 97. Nc3 Nc5 98. Kh2 e4 99. Nc4 Ncd3 100. Nb1 Ke6 101. Nc3 Kf5 102. Nb1 Kg4 103. Nbd2 Ne1 104. Kh1 Nf3 105. Ne3+ Kh4 106. Nb1 Nd3 107. Nf5+ Kg5 108. Ne3 Nf2# 0-1

[Event "73rd POL-ch (w)"]
[Site "Bydgoszcz POL"]
[Date "2021.04.30"]
[Round "2"]
[White "Sliwicka, Alicja"]
[Black "Majdan, Joanna"]
[Result "0-1"]
[ECO "B85"]
[WhiteElo "2346"]
[BlackElo "2325"]
[PlyCount "74"]
[EventDate "2021.04.28"]
[TimeControl "5400+30"]
[WhiteClock "0:00:55"]
[BlackClock "0:04:14"]

1. e4 c5 2. Nf3 e6 3. d4 cxd4 4. Nxd4 a6 5. Be2 Qc7 6. O-O Nf6 7. Nc3 d6 8. f4 Nc6 9. Be3 Be7 10. Qe1 O-O 11. Qg3 Nxd4 12. Bxd4 b5 13. a3 Bb7 14. Rae1 Rad8 15. Kh1 Bc6 16. Bf3 Qb7 17. b4 Kh8 18. Nd1 d5 19. exd5 Bxd5 20. Bc3 Bxf3 21. Rxf3 Qd5 22. Nf2 Qf5 23. Ne4 Rd5 24. Rf2 Rfd8 25. Rff1 Kg8 26. Be5 Kf8 27. Nxf6 gxf6 28. Ba1 Qxc2 29. Qh4 Qg6 30. g4 Rd2 31. f5 exf5 32. Rxe7 Kxe7 33. Bxf6+ Kf8 34. Rxf5 Re8 35. Kg1 Ree2 36. Bd8 Qxf5 37. Qh6+ Kg8 0-1

[Event "73rd POL-ch (w)"]
[Site "Bydgoszcz POL"]
[Date "2021.04.30"]
[Round "2"]
[White "Antolak, Julia"]
[Black "Socko, Monika"]
[Result "1/2-1/2"]
[ECO "B30"]
[WhiteElo "2306"]
[BlackElo "2421"]
[PlyCount "89"]
[EventDate "2021.04.28"]
[TimeControl "5400+30"]
[WhiteClock "0:07:32"]
[BlackClock "0:29:22"]

1. e4 c5 2. Nf3 Nc6 3. Bb5 e6 4. Bxc6 bxc6 5. O-O Ne7 6. Re1 Ng6 7. d3 Be7 8. Nbd2 e5 9. Nc4 f6 10. Ne3 d5 11. c4 dxe4 12. dxe4 Qxd1 13. Rxd1 Nf4 14. Kf1 Ne6 15. Nf5 g6 16. Nxe7 Kxe7 17. Ne1 Nd4 18. b3 a5 19. Ba3 Ne6 20. Nd3 a4 21. Bxc5+ Kf7 22. Be3 Rb8 23. b4 Ba6 24. Rac1 a3 25. Rc3 Rhd8 26. Rdc1 Bxc4 27. Rxc4 Rxd3 28. Ke2 Rd7 29. R1c3 f5 30. exf5 gxf5 31. g3 Rdb7 32. Rb3 h5 33. Rxa3 Rxb4 34. Rxc6 f4 35. Ra7+ R8b7 36. Rxb7+ Rxb7 37. Bb6 Ke7 38. Bc5+ Kf6 39. gxf4 exf4 40. a4 Ke5 41. a5 Rb2+ 42. Kd3 Kd5 43. Rd6+ Ke5 44. Rc6 Kd5 45. Rd6+ 1/2-1/2

[Event "73rd POL-ch (w)"]
[Site "Bydgoszcz POL"]
[Date "2021.05.01"]
[Round "3"]
[White "Zawadzka, Jolanta"]
[Black "Antolak, Julia"]
[Result "1-0"]
[ECO "B18"]
[WhiteElo "2399"]
[BlackElo "2306"]
[PlyCount "61"]
[EventDate "2021.04.28"]
[TimeControl "5400+30"]
[WhiteClock "0:18:46"]
[BlackClock "0:05:19"]

1. e4 c6 2. d4 d5 3. Nd2 dxe4 4. Nxe4 Bf5 5. Ng3 Bg6 6. Nh3 Nf6 7. c3 Nbd7 8. Bc4 e6 9. Nf4 Bd6 10. Qf3 Nb6 11. Bb3 Qc7 12. Nxg6 hxg6 13. Bg5 Nbd7 14. O-O-O Qa5 15. h4 O-O-O 16. Rhe1 Rdf8 17. Kb1 Qc7 18. Nf1 Rh5 19. g3 Nh7 20. Bc1 Nhf6 21. Nd2 Nb6 22. Qe2 c5 23. dxc5 Rxc5 24. Nf3 Nfd5 25. Nd4 a6 26. Nxe6 fxe6 27. Qxe6+ Kb8 28. Bxd5 Nxd5 29. Rxd5 Rxd5 30. Qxd5 Rd8 31. Qe6 1-0

[Event "73rd POL-ch (w)"]
[Site "Bydgoszcz POL"]
[Date "2021.05.01"]
[Round "3"]
[White "Majdan, Joanna"]
[Black "Rudzinska, Michalina"]
[Result "1-0"]
[ECO "B42"]
[WhiteElo "2325"]
[BlackElo "2251"]
[PlyCount "117"]
[EventDate "2021.04.28"]
[TimeControl "5400+30"]
[WhiteClock "0:11:21"]
[BlackClock "0:01:05"]

1. e4 c5 2. Nf3 e6 3. d4 cxd4 4. Nxd4 a6 5. Bd3 Nc6 6. Nxc6 dxc6 7. Nd2 e5 8. Nc4 Nf6 9. O-O Qc7 10. Be3 Be6 11. Bb6 Qb8 12. Qe1 Nd7 13. Qa5 Bxc4 14. Bxc4 Nxb6 15. Qxb6 Bd6 16. Rad1 O-O 17. Rd2 Bc7 18. Qb3 b5 19. Bxf7+ Kh8 20. Rd7 Bb6 21. Qe6 Ra7 22. Rfd1 Bd4 23. c3 Rxd7 24. Qxd7 Rd8 25. Qg4 Bb6 26. Kf1 g6 27. Rd7 Rxd7 28. Qxd7 Qd8 29. Qxd8+ Bxd8 30. Be8 c5 31. Ke2 Kg7 32. Bc6 Bg5 33. Kd3 Kf6 34. b4 cxb4 35. cxb4 Ke7 36. Bb7 Kd6 37. Bxa6 Kc6 38. Bc8 Bd8 39. Be6 Bb6 40. Bd5+ Kd7 41. Ke2 Bd4 42. Bg8 Ke7 43. g3 h6 44. Bd5 Kd7 45. Bb3 Bc3 46. a4 bxa4 47. Bxa4+ Kc7 48. b5 g5 49. Kf3 Bd4 50. Kg4 Bxf2 51. Kh5 Bg1 52. h3 Be3 53. g4 Kb6 54. Kxh6 Ka5 55. Kh5 Bd2 56. h4 gxh4 57. Kxh4 Be3 58. g5 Kxa4 59. g6 1-0

[Event "73rd POL-ch (w)"]
[Site "Bydgoszcz POL"]
[Date "2021.05.01"]
[Round "3"]
[White "Socko, Monika"]
[Black "Dworakowska, Joanna"]
[Result "1-0"]
[ECO "B90"]
[WhiteElo "2421"]
[BlackElo "2322"]
[PlyCount "123"]
[EventDate "2021.04.28"]
[TimeControl "5400+30"]
[WhiteClock "0:05:48"]
[BlackClock "0:06:45"]

1. e4 c5 2. Nf3 d6 3. d4 cxd4 4. Nxd4 Nf6 5. Nc3 a6 6. Be3 e5 7. Nf3 Be7 8. Bc4 O-O 9. O-O Be6 10. Bb3 Qc7 11. Rc1 Bc4 12. Bxc4 Qxc4 13. Qd3 Qe6 14. h3 Rc8 15. b3 Bd8 16. Rfd1 Nbd7 17. Ne2 Rc6 18. c4 Ba5 19. Ng3 Bb4 20. Nf5 Nf8 21. Bg5 Bc5 22. Nh2 Ng6 23. Qf3 Nd7 24. h4 f6 25. Bd2 Ne7 26. Ng4 Nxf5 27. exf5 Qf7 28. h5 Kh8 29. h6 g6 30. b4 Bd4 31. Be3 Bxe3 32. Nxe3 Rac8 33. Rc2 Qf8 34. Rcd2 Qxh6 35. Rxd6 Nf8 36. c5 Qf4 37. Qxf4 exf4 38. Ng4 gxf5 39. Nxf6 Ng6 40. Rd8+ Kg7 41. Ne8+ Kh6 42. Rxc8 Rxc8 43. Nd6 Rc7 44. Nxf5+ Kg5 45. Nd6 Re7 46. Kf1 f3 47. Rd5+ Kg4 48. Rd4+ Kg5 49. gxf3 Nf4 50. Re4 Rg7 51. Re5+ Kg6 52. a3 h5 53. Rf5 Ne6 54. Kg2 Nd4 55. Rd5 Nc2 56. f4 Kf6+ 57. Kh3 Rh7 58. Ne4+ Ke7 59. f5 Nxa3 60. f6+ Ke6 61. Rd3 Kf5 62. Nd6+ 1-0

[Event "73rd POL-ch (w)"]
[Site "Bydgoszcz POL"]
[Date "2021.05.01"]
[Round "3"]
[White "Kulon, Klaudia"]
[Black "Cyfka, Karina"]
[Result "1/2-1/2"]
[ECO "D02"]
[WhiteElo "2347"]
[BlackElo "2415"]
[PlyCount "63"]
[EventDate "2021.04.28"]
[TimeControl "5400+30"]
[WhiteClock "0:27:57"]
[BlackClock "0:36:40"]

1. d4 d5 2. Nf3 Nf6 3. Bf4 c5 4. e3 Nc6 5. Nbd2 cxd4 6. exd4 Bf5 7. c3 e6 8. Qb3 Bd6 9. Qxb7 Bxf4 10. Qxc6+ Kf8 11. Ne5 g6 12. Qb7 Bxe5 13. dxe5 Ng4 14. Nf3 Kg7 15. h3 Nh6 16. Be2 Rb8 17. Qxa7 Rxb2 18. a4 Qc8 19. Qe3 Be4 20. g4 Qc7 21. O-O Bxf3 22. Bxf3 Ra8 23. Rfc1 Ra5 24. Qd4 Ng8 25. c4 Rb4 26. Qd2 Rbxa4 27. Rxa4 Rxa4 28. cxd5 Qxe5 29. dxe6 Qxe6 30. Qe2 Qxe2 31. Bxe2 Nf6 32. Rc4 1/2-1/2

[Event "73rd POL-ch (w)"]
[Site "Bydgoszcz POL"]
[Date "2021.05.01"]
[Round "3"]
[White "Rajlich, Iweta"]
[Black "Sliwicka, Alicja"]
[Result "1-0"]
[ECO "E68"]
[WhiteElo "2394"]
[BlackElo "2346"]
[PlyCount "117"]
[EventDate "2021.04.28"]
[TimeControl "5400+30"]
[WhiteClock "0:09:59"]
[BlackClock "0:07:39"]

1. Nf3 Nf6 2. c4 g6 3. g3 Bg7 4. Bg2 O-O 5. Nc3 d6 6. d4 Nbd7 7. O-O e5 8. e4 c6 9. Qc2 Re8 10. d5 Qc7 11. Ne1 a6 12. a4 a5 13. Nd3 Nb8 14. Be3 Na6 15. Qb3 Qe7 16. h3 Nd7 17. Rad1 h5 18. Qa3 c5 19. Nb5 b6 20. b3 Nf8 21. Qc1 Nh7 22. f4 Bd7 23. fxe5 dxe5 24. Nf2 Rad8 25. h4 Bc8 26. Bh3 Bxh3 27. Nxh3 Qd7 28. Kg2 Qg4 29. Nf2 Qd7 30. Qd2 Nc7 31. Na7 Ra8 32. Nc6 Nf6 33. Qe2 Na6 34. Bg5 Nh7 35. g4 f6 36. Bc1 hxg4 37. Qxg4 Qxg4+ 38. Nxg4 Nb8 39. Rd3 Nd7 40. Rh3 Rac8 41. h5 g5 42. Rhf3 Ndf8 43. Na7 Rcd8 44. Nb5 Re7 45. Nc3 Kf7 46. Bb2 Ke8 47. Nd1 Kd7 48. Nde3 Bh8 49. Nxf6+ Nxf6 50. Rxf6 Bxf6 51. Rxf6 Kc8 52. Nf5 Rh7 53. Bxe5 Kb7 54. Rc6 Nd7 55. Bc7 Rdh8 56. Bg3 Ka6 57. e5 Rxh5 58. e6 Nf6 59. Be5 1-0

[Event "73rd POL-ch (w)"]
[Site "Bydgoszcz POL"]
[Date "2021.05.02"]
[Round "4"]
[White "Dworakowska, Joanna"]
[Black "Zawadzka, Jolanta"]
[Result "1-0"]
[ECO "C56"]
[WhiteElo "2322"]
[BlackElo "2399"]
[PlyCount "71"]
[EventDate "2021.04.28"]
[TimeControl "5400+30"]
[WhiteClock "0:06:11"]
[BlackClock "0:00:59"]

1. e4 e5 2. Nf3 Nc6 3. Bc4 Nf6 4. d4 exd4 5. e5 d5 6. Bb5 Ne4 7. Nxd4 Bd7 8. Bxc6 bxc6 9. O-O Bc5 10. f3 Ng5 11. Be3 Ne6 12. c3 Bb6 13. f4 g6 14. Nd2 c5 15. Nxe6 fxe6 16. c4 O-O 17. Qg4 Qe7 18. Bf2 Qf7 19. Bh4 Qf5 20. Qxf5 gxf5 21. Rf3 Be8 22. Rc1 Bh5 23. Rg3+ Kf7 24. Bf6 Rg8 25. Rh3 Kg6 26. Rh4 d4 27. Kf2 d3 28. g4 fxg4 29. Rg1 Ba5 30. Ne4 g3+ 31. Nxg3 d2 32. Rxh5 h6 33. Rh4 Rab8 34. b3 Kf7 35. Rxh6 Bc3 36. Ke2 1-0

[Event "73rd POL-ch (w)"]
[Site "Bydgoszcz POL"]
[Date "2021.05.02"]
[Round "4"]
[White "Cyfka, Karina"]
[Black "Antolak, Julia"]
[Result "1/2-1/2"]
[ECO "B11"]
[WhiteElo "2415"]
[BlackElo "2306"]
[PlyCount "118"]
[EventDate "2021.04.28"]
[TimeControl "5400+30"]
[WhiteClock "0:22:29"]
[BlackClock "0:12:08"]

1. e4 c6 2. Nf3 d5 3. Nc3 Bg4 4. h3 Bxf3 5. Qxf3 e6 6. Be2 Nf6 7. O-O Nbd7 8. d4 dxe4 9. Nxe4 Be7 10. Rd1 Nxe4 11. Qxe4 Nf6 12. Qf3 Qd5 13. c4 Qxf3 14. Bxf3 O-O-O 15. Be3 Rd7 16. a3 Rhd8 17. b4 Ne8 18. d5 cxd5 19. cxd5 Kb8 20. Bf4+ Bd6 21. dxe6 fxe6 22. Bg5 Nf6 23. Re1 h6 24. Be3 Bc7 25. Rac1 e5 26. a4 b6 27. a5 e4 28. axb6 axb6 29. Be2 Nd5 30. Bb5 Re7 31. Bd2 Be5 32. Rcd1 Nf6 33. Be3 Rxd1 34. Rxd1 Kb7 35. g3 Re6 36. Rd8 Rd6 37. Rf8 Nd5 38. Re8 Bf6 39. Bf4 Nxf4 40. gxf4 Rd4 41. Re6 Rxb4 42. Bc6+ Kc7 43. Bxe4 Rc4 44. f3 b5 45. Ra6 Bd4+ 46. Kf1 Rc1+ 47. Ke2 b4 48. Kd3 Bb6 49. Ra4 Rc3+ 50. Kd2 Ra3 51. Rxa3 bxa3 52. Kc2 Bd4 53. Kb3 Bb2 54. h4 Kd6 55. h5 Kc5 56. Bg6 Kd4 57. f5 Ke3 58. f4 Kxf4 59. Ka2 Ke5 1/2-1/2

[Event "73rd POL-ch (w)"]
[Site "Bydgoszcz POL"]
[Date "2021.05.02"]
[Round "4"]
[White "Sliwicka, Alicja"]
[Black "Socko, Monika"]
[Result "1/2-1/2"]
[ECO "B63"]
[WhiteElo "2346"]
[BlackElo "2421"]
[PlyCount "242"]
[EventDate "2021.04.28"]
[TimeControl "5400+30"]
[WhiteClock "0:03:39"]
[BlackClock "0:02:19"]

1. e4 c5 2. Nf3 Nc6 3. d4 cxd4 4. Nxd4 Nf6 5. Nc3 d6 6. Bg5 e6 7. Qd2 Be7 8. O-O-O Nxd4 9. Qxd4 O-O 10. Bc4 Qa5 11. Bd2 Qc5 12. Qxc5 dxc5 13. Bf4 a6 14. a4 Ng4 15. Bg3 Bf6 16. Be2 Ne5 17. a5 Nc6 18. Na4 e5 19. f4 Nd4 20. Bf3 Nxf3 21. gxf3 exf4 22. Bxf4 Bh3 23. Rhg1 Bd4 24. Rg3 Be6 25. Rd2 f5 26. e5 Rad8 27. c3 Bf2 28. Rg2 Bb3 29. Nb6 Be1 30. Rd6 Bh4 31. Kd2 Be7 32. Rxd8 Rxd8+ 33. Ke3 Kf7 34. Bg3 g5 35. f4 h6 36. Rd2 Rxd2 37. Kxd2 Ke6 38. Ke3 Bd8 39. Bf2 gxf4+ 40. Kxf4 Bc7 41. h4 Bxe5+ 42. Kf3 Bd6 43. Nc8 Bd5+ 44. Ke2 Bf8 45. Bg3 h5 46. Bf4 Bc6 47. Ke3 Bg7 48. Nb6 Bf6 49. Bg3 f4+ 50. Bxf4 Bxh4 51. Nc4 Bd8 52. Bh2 h4 53. Bb8 Bg5+ 54. Kf2 Bd5 55. Ne3 c4 56. Bc7 h3 57. Bb8 Be7 58. Kg3 Bg5 59. Kf2 Bd8 60. Kg3 Bxa5 61. Kxh3 b5 62. Kg3 Be4 63. Kf2 Bd8 64. Bf4 Kd7 65. Ke2 Kc6 66. Kd2 Bf6 67. Nc2 Bg6 68. Nb4+ Kb7 69. Kc1 Be4 70. Be3 a5 71. Nc2 Be7 72. Bd2 Ka6 73. Be3 Bf5 74. Bf4 Bd7 75. Bd2 Kb6 76. Bf4 Bd8 77. Ne3 Kc5 78. Bh6 Be7 79. Bf4 b4 80. cxb4+ axb4 81. Nc2 Kb5 82. Nd4+ Ka4 83. Kd2 Bf6 84. Be3 Be8 85. Kc1 Ka5 86. Kd2 Ka6 87. Kc1 Be7 88. Kd2 Bg6 89. Nc6 Bd6 90. Nd4 Ka5 91. Bg5 Ka4 92. Bh6 Bc7 93. Bg5 Ba5 94. Kc1 Bb6 95. Bf6 Bc5 96. Be5 Be4 97. b3+ Ka3 98. bxc4 Ka2 99. Bf6 Bd6 100. Bg5 Bd3 101. Bh6 Bc5 102. Bg7 Bxc4 103. Be5 Bd3 104. Bf6 Bd6 105. Bg5 Bf8 106. Kd2 Be4 107. Kc1 Bg7 108. Be3 Be5 109. Bd2 Bd6 110. Bg5 Bc5 111. Bf6 Bb6 112. Be5 Bd8 113. Bf4 Bh4 114. Bd2 Be7 115. Bf4 Bg6 116. Bh6 Ka3 117. Bd2 Bf6 118. Nc2+ Bxc2 119. Kxc2 b3+ 120. Kb1 Ka4 121. Be1 Kb5 1/2-1/2

[Event "73rd POL-ch (w)"]
[Site "Bydgoszcz POL"]
[Date "2021.05.02"]
[Round "4"]
[White "Kulon, Klaudia"]
[Black "Majdan, Joanna"]
[Result "0-1"]
[ECO "A45"]
[WhiteElo "2347"]
[BlackElo "2325"]
[PlyCount "80"]
[EventDate "2021.04.28"]
[TimeControl "5400+30"]
[WhiteClock "0:33:02"]
[BlackClock "0:36:09"]

1. d4 Nf6 2. Bg5 Ne4 3. h4 c5 4. d5 d6 5. Qd3 Qb6 6. Nd2 Nxd2 7. Bxd2 Qxb2 8. Bc3 Qa3 9. Rb1 Nd7 10. Nf3 b5 11. e4 b4 12. Bb2 Qxa2 13. Nd2 Nb6 14. c3 b3 15. Be2 c4 16. Qd4 e5 17. dxe6 Bxe6 18. O-O Qa4 19. f4 f6 20. Bh5+ Bf7 21. Bxf7+ Kxf7 22. e5 Qc6 23. Kh1 d5 24. Nf3 Bc5 25. Qd1 Rhe8 26. Nd4 Bxd4 27. Qxd4 Kg8 28. Ba3 Rad8 29. Bb4 Qe6 30. Ra1 fxe5 31. fxe5 Nd7 32. Rae1 Nxe5 33. Ba3 h6 34. Bc1 Nf3 35. Rxe6 Nxd4 36. Rxe8+ Rxe8 37. cxd4 c3 38. Ba3 b2 39. Kh2 Rb8 40. Rb1 Rb3 0-1

[Event "73rd POL-ch (w)"]
[Site "Bydgoszcz POL"]
[Date "2021.05.02"]
[Round "4"]
[White "Rudzinska, Michalina"]
[Black "Rajlich, Iweta"]
[Result "1-0"]
[ECO "C03"]
[WhiteElo "2251"]
[BlackElo "2394"]
[PlyCount "99"]
[EventDate "2021.04.28"]
[TimeControl "5400+30"]
[WhiteClock "0:11:58"]
[BlackClock "0:10:33"]

1. e4 e6 2. d4 d5 3. Nd2 Be7 4. e5 c5 5. c3 cxd4 6. cxd4 Qb6 7. Ndf3 Nc6 8. Bd3 Bb4+ 9. Kf1 Bd7 10. Ne2 f5 11. a3 Bf8 12. Nf4 Nh6 13. Ng5 Nd8 14. h4 Ndf7 15. Nxd5 exd5 16. e6 Bxe6 17. Nxe6 Qxe6 18. Qa4+ Kd8 19. Bg5+ Nxg5 20. hxg5 Ng4 21. Re1 Qf7 22. g6 Qxg6 23. Qa5+ Qb6 24. Qxd5+ Qd6 25. Qxb7 Rb8 26. Qxa7 g6 27. b4 Bh6 28. Rxh6 Nxh6 29. Qg7 Re8 30. Qxh6 Rxe1+ 31. Kxe1 Qxd4 32. Qf8+ Kc7 33. Qe7+ Qd7 34. Qc5+ Qc6 35. Qe7+ Qd7 36. Qc5+ Kb7 37. Be2 Re8 38. Kf1 Re6 39. b5 Kb8 40. a4 Re4 41. g3 Qe6 42. b6 Qe7 43. Qc2 Re5 44. Bf3 Qc5 45. Qb3 Re8 46. Qf7 Qe7 47. Qd5 Kc8 48. Qa8+ Kd7 49. Bc6+ Kd6 50. Qxe8 1-0